 Dungeon Crawl Stone Soup version 0.27-a0-1136-g0b992a5a9d (webtiles) character file.

Game seed: 16387600040153126155

101 kae the Chopper (level 4, -5/41 HPs)
             Began as a Hill Orc Fighter on May 4, 2021.
             Killed from afar by a white imp (6 damage)
             ... with a puff of frost
             ... on level 3 of the Dungeon.
             The game lasted 00:01:04 (2404 turns).

kae the Chopper (Hill Orc Fighter)                  Turns: 2404, Time: 00:01:04

Health: -5/41      AC:  7    Str: 19    XL:     4   Next: 75%
Magic:  4/4        EV:  7    Int:  8    God:
Gold:   85         SH: 14    Dex: 10    Spells: 3/3 levels left

rFire    . . .     SeeInvis .   a - +0 war axe
rCold    . . .     Faith    .   c - +0 kite shield
rNeg     . . .     Spirit   .   b - +0 scale mail
rPois    .         Reflect  +   (no helmet)
rElec    .         Harm     .   (no cloak)
rCorr    .         Rampage  .   (no gloves)
Will     .....                  (no boots)
Stlth    ..........             h - amulet of reflection
HPRegen  0.13/turn              (no ring)
MPRegen  0.09/turn              (no ring)

@: mighty
A: no striking features
a: Convert to Beogh


You were on level 3 of the Dungeon.
You visited 1 branch of the dungeon, and saw 3 of its levels.

You collected 85 gold pieces.

Inventory:

Hand Weapons
 a - a +0 war axe (weapon)
Armour
 b - a +0 scale mail (worn)
 c - a +0 kite shield (worn)
Jewellery
 h - an amulet of reflection (around neck)
Potions
 f - a potion of degeneration {unknown}
 g - 2 potions of heal wounds {unknown}
 i - a potion of magic {unknown}


   Skills:
 + Level 4.4 Fighting
 * Level 4.9 Axes
 + Level 4.0 Armour
 - Level 3.2 Shields


You had 3 spell levels left.
You didn't know any spells.
Your spell library was empty.

Dungeon Overview and Level Annotations

Branches:
Dungeon (3/15)

Altars:
Gozag


Message History

You are poisoned.
The adder poisons you! The white imp gestures at you.
The puff of frost hits you but does no damage.
You block the adder's attack.
You closely miss the adder.
The adder is severely wounded.
You feel sick. The adder closely misses you.
The adder bites you but does no damage. You block the orc's attack.
The white imp gestures at you. The puff of frost hits you.
You slash the adder!
You kill the adder!
You slash the orc!
You kill the orc!
You feel sick.
An orc priest comes into view. It is wielding a +0 hand axe.
You feel sick. The white imp gestures at you. The puff of frost hits you.
Found a black potion.
You are too injured to fight recklessly!
You are too injured to fight recklessly!
You are too injured to fight recklessly!
You are too injured to fight recklessly!
You feel very mighty all of a sudden.
You feel sick.
You are no longer poisoned.
The orc priest shouts, "Join the one true god or die!" (press Y on the ability menu to convert to Beogh)
The orc priest shouts!
You hear a shout!
You barely miss the white imp. The white imp hits you.
The white imp freezes you.
The orc priest invokes the aid of Beogh against you.
Beogh smites you!
* * * LOW HITPOINT WARNING * * *
The white imp spits at you. The white imp gestures at you.
The puff of frost hits you.
You die...

#.. #.. ## ## ##
### #.. #.. . .#
.... #.. #... .
.#..... #.. #...
.#. ..... #..
#...##.##.o... #..
#...5..........
##.
#....@.†.......#
#.
#......).......#
#.
##..............#
##
!................#
#
####+###.........#
# #.........# #
#.........# #
#.....)...#######
#.....†...'......


You could see an orc priest and a white imp.

Vanquished Creatures
  5 adders
  2 orcs (D:3)
  6 bats
  5 endoplasms (D:1)
  3 giant cockroaches
  3 goblins
  2 hobgoblins (D:3)
  8 jackals (D:1)
  5 quokkas
  2 ball pythons
  2 frilled lizards
  5 kobolds
  2 rats
50 creatures vanquished.

Notes
Turn   | Place    | Note
-------+----------+-------------------------------------------
     0 | D:1      | kae the Hill Orc Fighter began the quest for the Orb.
     0 | D:1      | Reached XP level 1. HP: 19/19 MP: 1/1
   457 | D:1      | Reached XP level 2. HP: 16/27 MP: 2/2
  1150 | D:1      | Reached XP level 3. HP: 33/33 MP: 3/3
  1277 | D:1      | You fall into a shaft and drop 1 floor!
  1599 | D:2      | Found a faded altar of an unknown god.
  2094 | D:2      | Reached XP level 4. HP: 40/40 MP: 4/4
  2335 | D:3      | Found an opulent altar of Gozag.
  2404 | D:3      | HP: 1/41 [orc priest/divine providence (14)]
  2404 | D:3      | Killed from afar by a white imp

Illustrated notes

Levels and vault maps discovered:
D:1:      roderic_dead_forest, layout_loops_corners
D:2:      layout_basic, shapermc_ecumenical_altar_mp_highgroup
D:3:      layout_basic, grunt_gozag_breadcrumbs, minmay_distorted

Skill      XL: |  1  2  3  4 |
---------------+-------------+-----
Axes           | 3 4 |  4.9
Fighting       | 4 |  4.4
Armour         | 4 |  4.0
Shields        | |  3.2

Action                   |  1- 3 |  4- 6 || total
-------------------------+-------+-------++-------
Melee: War axe           |   147 |    30 ||   177
  Use: Scroll            |       |     1 ||     1
       Potion            |       |     1 ||     1
Armor: Scale mail        |    93 |    13 ||   106
Dodge: Dodged            |    68 |    15 ||    83
Block: Kite shield       |    81 |    34 ||   115
       Reflection        |       |     1 ||     1

Table legend: (Time is in decaauts)
 A = Elapsed time spent in this place.
 B = Non-inter-level travel time spent in this place.
 C = Inter-level travel time spent in this place.
 D = Time resting spent in this place.
 E = Time spent auto-exploring this place.
 F = Levels seen in this place.
 G = Mean time per level.
                   A        B        C        D        E       F      G
               +--------+--------+--------+--------+--------+-----+--------+
         Total |   2498 |   2462 |     36 |      0 |   2049 |   3 |  832.7 |
       Dungeon |   2498 |   2462 |     36 |      0 |   2049 |   3 |  832.7 |
               +--------+--------+--------+--------+--------+-----+--------+

Top non-repeatable levels by time:
     D:1: 1324 daAuts
     D:2: 896 daAuts
     D:3: 278 daAuts
